 Dungeon Crawl Stone Soup version 0.22.1-1-ga44c0e5 (webtiles) character file.

16230 whitewolfNL the Spear-Bearer (level 12, -6/104 HPs)
             Began as a Minotaur Berserker on Nov 7, 2018.
             Was a High Priest of Trog.
             Mangled by a meliai
             ... wielding a +2 vampiric war axe
              (12 damage)
             ... on level 4 of the Lair of Beasts.
             The game lasted 01:46:10 (16242 turns).

whitewolfNL the Spear-Bearer (Minotaur Berserker)  Turns: 16242, Time: 01:46:11

Health: -6/104     AC: 19    Str: 22    XL:     12   Next: 8%
Magic:  7/7        EV: 10    Int:  5    God:    Trog [*****.]
Gold:   834        SH:  3    Dex: 14    Spells: 11/11 levels left

rFire    + . .     SeeInvis .   G - +6 executioner's axe (antimagic)
rCold    . . .     Gourm    .   (shield currently unavailable)
rNeg     . . .     Faith    .   S - +0 plate armour
rPois    +         Spirit   .   (helmet restricted)
rElec    .         Reflect  +   s - +0 cloak {rPois}
rCorr    .         Harm     .   R - +0 pair of gloves
MR       .....                  Q - +1 pair of boots
Stlth    ..........             K - +3 amulet of reflection
HPRegen  0.27/turn              t - ring of magical power
MPRegen  0.10/turn              M - ring of protection from fire

@: lethally poisoned (-6 -> -20), berserk cooldown
A: retaliatory headbutt, horns 2
a: Berserk, Trog's Hand, Brothers in Arms, Renounce Religion


You were on level 4 of the Lair of Beasts.
You worshipped Trog.
Trog was extremely pleased with you.
You were near starving.

You visited 2 branches of the dungeon, and saw 12 of its levels.
You also visited: Ossuary.

You collected 834 gold pieces.

Inventory:

Hand Weapons
 i - a +1 dagger of flaming
 o - a +0 longbow
 w - a +0 hunting sling
 B - a +6 antimagic bardiche
 C - a +0 shortbow
 G - a +6 antimagic executioner's axe (weapon)
 J - the +5 quarterstaff "Qyegeg" {flame, rPois rN++ Dex-2 Stlth+, unknown}
   (You found it on level 4 of the Lair of Beasts)

   It has been specially enchanted to burn those struck by it, causing extra
   injury to most foes and up to half again as much damage against particularly
   susceptible opponents.
   It affects your dexterity (-2).
   It protects you from poison.
   It greatly protects you from negative energy.
   It makes you more stealthy.
Missiles
 b - 105 arrows
 e - 71 bolts
 f - 364 stones (quivered)
 j - 34 poisoned needles
 l - 5 needles of confusion
 y - 97 sling bullets
Armour
 s - a +0 cloak of poison resistance (worn)
 Q - a +1 pair of boots (worn)
 R - a +0 pair of gloves (worn)
 S - a +0 plate armour (worn)
Jewellery
 t - a ring of magical power (left hand)
 K - a +3 amulet of reflection (around neck)
 M - a ring of protection from fire (right hand)
Wands
 k - a wand of iceblast (4)
 r - a wand of digging (8)
 O - a wand of flame (29)
 P - a wand of scattershot (6)
Scrolls
 g - a scroll of brand weapon {unknown}
 h - 3 scrolls of magic mapping
 n - 5 scrolls of remove curse
 q - 6 scrolls of teleportation
 D - a scroll of enchant armour {unknown}
 F - a scroll of silence {unknown}
 I - 2 scrolls of fog
 L - a scroll of amnesia {unknown}
Potions
 a - 3 potions of might
 d - a potion of flight
 m - 2 potions of cancellation
 p - a potion of mutation {unknown}
 v - 2 potions of curing {unknown}
 x - a potion of resistance {unknown}
 A - 2 potions of heal wounds {unknown}
 E - a potion of magic {unknown}
 N - a potion of agility {unknown}
Comestibles
 c - 20 rations


   Skills:
 + Level 9.2 Fighting
 * Level 11.5(13.4) Axes
   Level 1.2(7.5) Maces & Flails
 - Level 11.9(13.6) Polearms
 + Level 2.6 Bows
 + Level 9.8 Armour
 + Level 7.1 Dodging
 - Level 4.1 Stealth
 + Level 4.4 Evocations


You had 11 spell levels left.
You didn't know any spells.
Your spell library was empty.

Dungeon Overview and Level Annotations

Branches:
Dungeon (8/15)             Temple (0/1) D:5            Lair (4/6) D:8
 Shoals (0/4) Lair:3        Snake (0/4) Lair:2

Altars:
Fedhas
Gozag
Hepliaklqana
Makhleb
Qazlal
Ru
Sif Muna
Trog
Vehumet
Yredelemnul

Shops:
D:7 =


Innate Abilities, Weirdness & Mutations

You reflexively headbutt those who attack you in melee.
You have a pair of horns on your head.


Message History

* * * LOW HITPOINT WARNING * * *
You block the meliai's attack. The meliai closely misses you.
You furiously retaliate!
You headbutt the meliai! You block the meliai's attack.
Your magical effects are unravelling.
You feel magically purged.
You feel yourself speed up.
You feel a little less mighty now.
* * * LOW HITPOINT WARNING * * *
You feel very sick.
The meliai hits you with a vampiric war axe.
* * * LOW HITPOINT WARNING * * *
The meliai draws strength from your wounds!
The meliai stings you.
* * * LOW HITPOINT WARNING * * *
The meliai hits you but does no damage. The meliai barely misses you.
The meliai closely misses you. You furiously retaliate!
You headbutt the meliai.
The meliai stings you but does no damage.
The meliai hits you with a vampiric war axe!
You die...

#.........#.P..P#
###.#......#..#.P..
#...........##..##.
#....P...#.####....
##..P.####..###....
#).P#.# . ##..##P
#.....# #.# #.....
#...##.###..###....
##@## #..........#.
#yy###.............
#yyy.#.............
##yF....#..P......#
#yy........#......
#...##............
......#
#....#.#...P
####†..#
.#......... y....
#.##......


You could see a queen bee, 3 meliai, a bullfrog and 4 killer bees.

Vanquished Creatures
  A black mamba (Lair:4)
  9 spiny frogs
  4 komodo dragons
  4 polar bears (Lair:2)
  A troll (D:8)
  3 hippogriffs
  14 blink frogs
  A snapping turtle (Lair:3)
  Sigmund (D:3)
  10 yaks
  A basilisk (Lair:2)
  A hungry ghost (D:8)
  3 water moccasins
  2 porcupines (Lair:1)
  An ice beast (D:8)
  2 orc warriors
  10 black bears
  A sky beast (D:5)
  3 phantoms
  A hornet zombie (Ossuary)
  4 ogres
  A centaur (D:8)
  7 wolves
  5 crocodiles
  9 bullfrogs
  A water moccasin zombie (Ossuary)
  6 killer bees (Lair:4)
  3 electric eels (Lair:3)
  2 crimson imps (D:5)
  A quasit (D:7)
  2 bullfrog skeletons (D:8)
  8 orc wizards
  Crazy Yiuf (D:2)
  3 bullfrog zombies (Ossuary)
  3 orc priests (D:4)
  A hound (D:7)
  A jelly (D:4)
  A centaur skeleton (D:4)
  Jessica (D:2)
  11 mummies (Ossuary)
  2 iguanas
  9 worker ants
  2 killer bee zombies (Ossuary)
  4 hound zombies
  A hound skeleton (D:6)
  5 worker ant zombies (Ossuary)
  A howler monkey zombie (Ossuary)
  12 adders
  4 gnolls
  A shadow imp (D:8)
  2 adder skeletons
  An adder zombie (Ossuary)
  5 worms
  4 dart slugs
  6 leopard geckos
  22 orcs
  6 giant cockroaches
  9 goblins
  8 hobgoblins
  12 jackals
  6 quokkas
  A ball python (D:2)
  6 bats
  9 frilled lizards
  2 giant cockroach zombies
  A jackal zombie (Ossuary)
  13 kobolds
  A leopard gecko skeleton (D:4)
  A leopard gecko zombie (Ossuary)
  12 rats
  A fungus (Lair:4)
  4 withered plants (Ossuary)
317 creatures vanquished.

Vanquished Creatures (others)
  A fungus (Lair:4)
  2 plants
  A withered plant (Ossuary)
4 creatures vanquished.

Grand Total: 321 creatures vanquished

Notes
Turn   | Place    | Note
-------+----------+-------------------------------------------
     0 | D:1      | whitewolfNL the Minotaur Berserker began the quest for the
                  | Orb.
     0 | D:1      | Reached XP level 1. HP: 19/19 MP: 0/0
   161 | D:1      | Reached XP level 2. HP: 23/27 MP: 1/1
   215 | D:1      | Reached XP level 3. HP: 6/33 MP: 2/2
   497 | D:1      | Reached ** piety under Trog
  1316 | D:2      | Noticed Jessica
  1320 | D:2      | Killed Jessica
  1320 | D:2      | Reached skill level 5 in Axes
  1320 | D:2      | Reached skill level 1 in Stealth
  1320 | D:2      | Reached XP level 4. HP: 40/40 MP: 3/3
  2205 | D:2      | Found a blossoming altar of Fedhas.
  2326 | D:2      | Found a runed door.
  2331 | D:2      | Noticed Crazy Yiuf
  2333 | D:2      | Killed Crazy Yiuf
  2333 | D:2      | Reached XP level 5. HP: 46/46 MP: 4/4
  2388 | D:2      | Found a hazy altar of Hepliaklqana.
  2503 | D:3      | Reached skill level 1 in Maces & Flails
  2941 | D:3      | Reached *** piety under Trog
  2969 | D:3      | Noticed Sigmund
  2988 | D:3      | Killed Sigmund
  2988 | D:3      | Reached XP level 6. HP: 53/53 MP: 5/5
  3950 | D:4      | Found a deep blue altar of Sif Muna.
  4096 | D:4      | Reached skill level 1 in Polearms
  4561 | D:4      | Reached XP level 7. HP: 60/60 MP: 2/6
  4606 | D:4      | Reached skill level 5 in Armour
  5008 | D:4      | Reached skill level 5 in Fighting
  5421 | D:5      | Entered Level 5 of the Dungeon
  5637 | D:5      | Found a sand-covered staircase.
  5642 | Ossuary  | Entered an ossuary
  5661 | Ossuary  | Reached skill level 5 in Polearms
  5666 | Ossuary  | Reached **** piety under Trog
  5666 | Ossuary  | Reached XP level 8. HP: 68/68 MP: 2/7
  6820 | D:5      | Found a staircase to the Ecumenical Temple.
  7256 | D:6      | Found an opulent altar of Gozag.
  7511 | D:6      | Reached XP level 9. HP: 75/75 MP: 5/8
  8482 | D:7      | Reached ***** piety under Trog
  8516 | D:7      | Found a bloodstained altar of Trog.
  8855 | D:7      | Found Jyssoux's Jewellery Shoppe.
  8856 | D:7      | Found a burning altar of Makhleb.
  8912 | D:7      | Found a stormy altar of Qazlal.
  8952 | D:7      | Found a radiant altar of Vehumet.
  9121 | D:7      | Found a basalt altar of Yredelemnul.
  9817 | D:7      | Found a sacrificial altar of Ru.
  9845 | D:8      | Reached skill level 1 in Evocations
  9889 | D:8      | Received a gift from Trog
 10118 | D:8      | Found a staircase to the Lair.
 10120 | D:8      | Noticed a komodo dragon
 10154 | D:8      | Killed a komodo dragon
 10154 | D:8      | Reached skill level 5 in Dodging
 10286 | D:8      | Noticed a troll
 10297 | D:8      | Killed a troll
 10297 | D:8      | Reached XP level 10. HP: 83/84 MP: 6/10
 10672 | Lair:1   | Entered Level 1 of the Lair of Beasts
 11006 | Lair:1   | Noticed a spiny frog
 11014 | Lair:1   | Killed a spiny frog
 11041 | Lair:1   | Noticed a spiny frog
 11047 | Lair:1   | Killed a spiny frog
 11047 | Lair:1   | Reached skill level 10 in Polearms
 11157 | Lair:1   | Noticed a spiny frog
 11163 | Lair:1   | Killed a spiny frog
 11271 | Lair:1   | Noticed a spiny frog
 11277 | Lair:1   | Killed a spiny frog
 12305 | Lair:2   | Reached XP level 11. HP: 84/93 MP: 7/12
 13436 | Lair:2   | Found a staircase to the Snake Pit.
 13781 | Lair:3   | Received a gift from Trog
 13796 | Lair:3   | Reached skill level 10 in Axes
 14288 | Lair:3   | Found a radiant altar of Vehumet.
 14911 | Lair:3   | Found a staircase to the Shoals.
 14921 | Lair:3   | Reached skill level 1 in Bows
 15801 | Lair:4   | Got an iridescent quarterstaff
 15880 | Lair:4   | Reached XP level 12. HP: 35/104 MP: 7/14
 16242 | Lair:4   | Mangled by a meliai

Skill      XL: |  1  2  3  4  5  6  7  8  9 10 11 |
---------------+----------------------------------+-----
Axes           | 4 5 6 7 8 9 11 | 11.5
Fighting       | 4 5 6 7 9 |  9.2
Stealth        | 1 2 3 4 |  4.1
Dodging        | 3 4 5 6 7 |  7.1
Armour         | 3 4 5 7 8 9 |  9.8
Maces & Flails | 1 |  1.2
Polearms       | 2 5 7 9 11 | 11.9
Evocations     | 2 3 4 |  4.4
Bows           | 2 |  2.6

Action                   |  1- 3 |  4- 6 |  7- 9 | 10-12 || total
-------------------------+-------+-------+-------+-------++-------
Melee: Hand axe          |    72 |    44 |       |       ||   116
       Headbutt          |    10 |    24 |    75 |    47 ||   156
       Whip              |       |    54 |       |       ||    54
       Scythe            |       |    59 |   337 |       ||   396
       Bardiche          |       |       |    29 |   158 ||   187
       Executioner's axe |       |       |       |    70 ||    70
 Fire: Shortbow          |       |       |       |    25 ||    25
Invok: Berserk           |     2 |     6 |     8 |    13 ||    29
Evoke: Wand              |       |       |       |    12 ||    12
  Use: Scroll            |       |     9 |     9 |     8 ||    26
       Potion            |       |       |       |     5 ||     5
  Eat: Chunk             |     2 |    16 |    20 |    10 ||    48
       Ration            |       |       |     4 |     5 ||     9
Armor: Animal skin       |     9 |       |       |       ||     9
       Ring mail         |     6 |    74 |       |       ||    80
       Chain mail        |       |       |   125 |       ||   125
       Plate armour      |       |       |   163 |   273 ||   436
Dodge: Dodged            |    44 |   115 |   219 |   214 ||   592
Block: Other             |       |       |    11 |    45 ||    56
